Map: Rhoskallian LE

Players

СанТехник

  • Race: Protoss Protoss
  • League: Master
  • Spawn Location: 6:00

PlayKing

  • Race: Terran Terran
  • Spawn Location: 5:00

Nyck - Winner!

  • Race: Terran Terran
  • Spawn Location: 12:00

Ekelpack - Winner!

  • Race: Zerg Zerg
  • Spawn Location: 11:00

VOD

Have the link to the VOD?

Description

Time

  • Played on: Sept. 11, 2024, 2:43 p.m.
  • Length: 8:17
Show
View Real Time Build Order
Export as new Build Order

СанТехник Protoss 

Build Orders:  

Get SALT Encoding   

  12  0:01  Probe  
  13  0:19  Pylon  
  13  0:43  Gateway  
  13  0:48  Probe  
  14  0:54  Assimilator  
  14  1:00  Probe  
  15  1:10  Assimilator  
  15  1:12  Probe  
  16  1:24  Probe  
  17  1:29  Zealot  
  19  1:36  Cybernetics Core, Probe  
  20  1:48  Probe  
  21  2:10  Probe (Chrono Boost)  
  22  2:20  Probe (Chrono Boost)  
  23  2:38  Pylon  
  23  2:41  Probe  
  23  2:50  Zealot  
  21  3:03  Stargate  
  20  3:12  Probe  
  20  3:24  Probe  
  21  3:31  Zealot, Twilight Council  
  23  3:36  Probe  
  25  3:48  Probe  
  25  3:49  Void Ray (Chrono Boost)  
  29  3:58  Zealot  
  29  4:02  Charge (Chrono Boost)  
  31  4:21  Probe  
  31  4:38  Pylon  
  31  4:40  Pylon  
  31  4:56  Zealot  
  37  5:02  Void Ray  
  37  5:18  Probe  
  38  5:30  Probe  
  39  5:42  Void Ray (Chrono Boost)  
  31  5:43  Probe  
  32  6:17  Void Ray (Chrono Boost)  
  34  6:51  Void Ray (Chrono Boost)  
  38  7:31  Void Ray (Chrono Boost)  
Show
View Real Time Build Order
Export as new Build Order

PlayKing Terran 

Build Orders:  

Get SALT Encoding   

  12  0:23  Refinery  
  12  0:29  SCV  
  13  0:41  SCV  
  14  0:49  Refinery  
  14  0:53  SCV  
  15  1:25  Supply Depot  
  15  1:46  SCV  
  16  1:48  Supply Depot  
  16  1:50  Barracks  
  16  2:10  Barracks  
  16  2:20  SCV  
  17  2:27  Engineering Bay  
  17  2:33  SCV  
  18  2:53  Engineering Bay  
  18  3:03  Supply Depot  
  18  3:09  SCV  
  19  3:21  SCV  
  20  3:33  SCV  
  20  3:34  Supply Depot  
  21  3:43  Command Center  
  21  3:53  SCV  
  22  4:00  Supply Depot  
  22  4:06  SCV  
  23  4:18  SCV  
  24  4:35  Ghost Academy  
  23  4:40  SCV  
  24  4:57  Refinery  
  25  5:00  SCV  
  25  5:08  Personal Cloaking  
  25  5:12  SCV  
  26  5:16  Factory  
  26  5:22  Refinery  
  26  5:24  SCV  
  27  5:31  Marine  
  28  5:36  SCV  
  29  5:48  SCV  
  29  5:49  Marine  
  31  5:51  Terran Infantry Weapons Level 1  
  31  5:52  Terran Infantry Armor Level 1  
  31  6:06  Starport, Marine, Factory Tech Lab  
  32  6:22  SCV  
  32  6:24  Marine  
  34  6:32  Siege Tank  
  37  6:34  SCV  
  38  6:42  Marine  
  38  6:46  Armory  
  39  6:55  Starport Tech Lab  
  39  7:04  Hellion  
  41  7:16  Marine  
  42  7:26  Hellion  
  44  7:34  Marine  
  45  7:40  Armory  
  45  7:47  Hellion  
  45  7:50  SCV  
  42  7:52  Marine  
  38  8:02  SCV  
Show
View Real Time Build Order
Export as new Build Order

Nyck Terran - Winner!

Build Orders: Reaper Expand 

Get SALT Encoding   

  12  0:00  SCV  
  13  0:12  SCV  
  14  0:18  Supply Depot  
  14  0:25  SCV  
  15  0:40  Barracks  
  15  0:43  SCV  
  15  0:46  Refinery  
  16  0:55  SCV  
  17  1:07  SCV  
  18  1:22  SCV  
  19  1:29  Reaper  
  20  1:33  Command Center  
  20  1:42  Orbital Command  
  20  1:50  Refinery  
  20  2:05  Barracks Reactor  
  20  2:10  Barracks  
  20  2:11  SCV  
  21  2:23  SCV  
  22  2:35  SCV  
  23  2:45  Marine x2  
  23  2:47  SCV  
  26  2:59  SCV  
  26  3:05  Marine x2  
  29  3:25  Barracks  
  29  3:27  Orbital Command, Barracks  
  29  3:35  SCV  
  29  3:39  Marine x2  
  32  3:47  SCV  
  33  3:56  SCV  
  33  3:57  Bunker  
  33  4:00  SCV  
  35  4:03  Supply Depot  
  35  4:08  SCV  
  35  4:09  Barracks Tech Lab  
  36  4:25  Supply Depot  
  36  4:31  SCV x2  
  38  4:38  Marine x2  
  39  4:43  SCV x2, Barracks Reactor  
  39  4:45  Barracks Reactor  
  41  4:48  Supply Depot  
  41  4:52  Engineering Bay  
  41  4:54  Engineering Bay  
  41  5:00  SCV x2  
  43  5:11  Refinery  
  43  5:12  Supply Depot, SCV  
  43  5:13  SCV, Refinery  
  45  5:18  Marine  
  45  5:20  Marine  
  47  5:24  SCV  
  47  5:25  SCV  
  47  5:27  Missile Turret  
  48  5:31  Missile Turret  
  47  5:36  Supply Depot  
  47  5:47  SCV x2, Marine x3  
  47  5:48  Marine x3  
  55  5:51  Marine  
  56  5:59  Terran Infantry Weapons Level 1  
  56  6:00  Terran Infantry Armor Level 1  
  56  6:03  Factory  
  56  6:10  Supply Depot  
  56  6:14  SCV x2  
  58  6:24  Marine x4  
  58  6:25  Marine x2  
  64  6:26  SCV x2  
  64  6:27  Marauder  
  68  6:39  SCV x2  
  70  6:45  Command Center  
  70  6:51  SCV  
  70  6:53  Command Center  
  71  6:54  SCV  
  71  6:59  Marine x3  
  75  7:03  SCV  
  75  7:06  SCV  
  75  7:07  Armory  
  77  7:15  SCV  
  78  7:16  Marine x3  
  78  7:17  Marine x3  
  78  7:18  SCV  
  85  7:25  Supply Depot  
  85  7:27  Supply Depot  
  85  7:33  SCV  
  86  7:47  SCV, Marauder  
  86  7:50  Supply Depot  
  89  7:52  Supply Depot  
  89  7:56  Marine  
  89  7:57  Marine x4  
  89  7:58  Marine  
  95  8:02  SCV x2  
  97  8:08  Refinery  
Show
View Real Time Build Order
Export as new Build Order

Ekelpack Zerg - Winner!

Build Orders: Hatch First 

Get SALT Encoding   

  12  0:00  Drone  
  13  0:13  Overlord  
  13  0:18  Drone  
  14  0:31  Drone  
  15  0:51  Drone  
  15  0:52  Hatchery  
  15  1:08  Spawning Pool  
  15  1:09  Drone  
  15  1:19  Drone x2  
  17  1:29  Drone  
  17  1:32  Extractor  
  17  1:37  Drone  
  18  1:43  Drone  
  19  1:54  Queen  
  19  1:56  Drone  
  22  2:06  Drone  
  23  2:09  Drone  
  23  2:10  Queen  
  23  2:15  Extractor  
  25  2:17  Drone  
  25  2:22  Drone  
  27  2:27  Overlord  
  27  2:36  Lair  
  27  2:42  Drone  
  28  2:49  Drone  
  28  2:50  Drone  
  30  3:00  Drone  
  30  3:01  Drone x2  
  30  3:04  Drone  
  30  3:05  Drone x2, Extractor  
  35  3:17  Metabolic Boost  
  35  3:19  Zergling x2  
  36  3:21  Overlord  
  36  3:37  Overlord  
  36  3:42  Zergling x8  
  36  3:43  Zergling x2, Spire  
  40  3:50  Zergling x6  
  43  4:05  Drone x3  
  43  4:07  Extractor  
  45  4:10  Drone x3  
  48  4:32  Drone x4  
  48  4:34  Overlord  
  52  4:39  Overlord  
  52  4:51  Overlord  
  52  4:54  Mutalisk  
  52  4:55  Mutalisk x3  
  52  4:57  Zerg Flyer Weapons Level 1  
  52  4:59  Mutalisk  
  62  5:05  Drone x3  
  65  5:09  Drone x2  
  67  5:39  Mutalisk x3  
  67  5:40  Mutalisk x2  
  73  5:47  Mutalisk  
  73  5:49  Overlord x4  
  75  6:08  Hatchery  
  75  6:09  Mutalisk x4  
  82  6:43  Mutalisk x2  
  82  6:44  Mutalisk x3  
  82  6:45  Overlord x3  
  92  6:52  Mutalisk x3  
  92  6:53  Mutalisk  
  100  6:59  Overlord  
  100  7:16  Pneumatized Carapace  
  100  7:24  Mutalisk x4  
  100  7:25  Mutalisk x2  
  112  7:36  Drone, Queen  
Tags
 
Add a new tag
Caveats
  • Supply blocks, unpowered buildings, or Contaminate may cause inaccurate times.
  • Supply counts are checked every 10 seconds.